 Dungeon Crawl Stone Soup version 0.24.0-28-g17ded55e90 (webtiles) character file.

Game seed: 9712309404394977262, levelgen mode: deterministic

3041 Aelig the Martial Artist (level 9, -8/63 HPs)
             Began as a Demigod Transmuter on Nov 11, 2019.
             Mangled by a two-headed ogre
             ... wielding a +0 giant club
              (32 damage)
             ... on level 8 of the Dungeon.
             The game lasted 00:23:20 (10167 turns).

Aelig the Martial Artist (Demigod Transmuter)      Turns: 10167, Time: 00:23:20

Health: -8/63      AC:  4    Str: 13    XL:     9   Next: 31%
Magic:  5/14       EV: 12    Int: 21    God:
Gold:   517        SH:  0    Dex: 18    Spells: 1/11 levels left

rFire    . . .     SeeInvis .     - Unarmed
rCold    . . .     Gourm    .   (no shield)
rNeg     . . .     Faith    .   b - +1 robe
rPois    .         Spirit   .   (no helmet)
rElec    .         Reflect  .   s - +0 cloak {MR+}
rCorr    .         Harm     .   (no gloves)
MR       +....                  (no boots)
Stlth    ++........             (no amulet)
HPRegen  0.20/turn              f - ring of wizardry
MPRegen  0.14/turn              (no ring)

@: no status effects
A: high mp 1
a: no special abilities


You were on level 8 of the Dungeon.
You were very hungry.

You visited 1 branch of the dungeon, and saw 8 of its levels.

You collected 517 gold pieces.

Inventory:

Missiles
 a - 99 arrows
Armour
 b - a +1 robe (worn)
 s - a +0 cloak of magic resistance (worn)
Jewellery
 f - a ring of wizardry (left hand)
 g - a cursed ring of protection from fire {unknown}
 o - an uncursed ring of ice {unknown}
 u - an uncursed ring of fire {unknown}
Wands
 p - a wand of paralysis (26)
 x - a wand of flame (23)
Scrolls
 c - 7 scrolls of remove curse
 n - 2 scrolls of blinking
 t - 5 scrolls of identify
 w - a scroll of teleportation
 y - a scroll of amnesia {unknown}
 z - a scroll of enchant armour
Potions
 e - a potion of agility
 h - a potion of resistance
 i - 2 potions of haste {unknown}
 k - 2 potions of curing
 l - a potion of invisibility
 m - 2 potions of mutation {unknown}
 q - a potion of heal wounds {unknown}
 r - a potion of degeneration {unknown}
 v - a potion of ambrosia {unknown}
Comestibles
 d - 11 rations


   Skills:
 - Level 0.8 Fighting
 - Level 1.7 Dodging
 * Level 11.2 Unarmed Combat
 - Level 1.7 Spellcasting
 - Level 4.0 Transmutations
 - Level 3.0 Ice Magic
 - Level 2.1 Poison Magic


You had one spell level left.
You knew the following spells:

 Your Spells              Type           Power        Failure   Level  Hunger
a - Beastly Appendage     Tmut           ###...       1%          1    #......
b - Sticks to Snakes      Tmut           ###.....     1%          2    ###....
c - Spider Form           Tmut/Pois      ##........   5%          3    ###....
d - Ice Form              Ice/Tmut       ###.....     14%         4    #####..

Your spell library contained the following spells:

 Spells                   Type           Power        Failure   Level  Hunger
 Corona                   Hex            #......      6%          1    #......
 Ensorcelled Hibernation  Hex/Ice        #.....       4%          2    ###....
 Confuse                  Hex            #.......     17%         3    ###....
 Dazzling Spray           Conj/Hex       #.....       17%         3    ###....
 Tukima's Dance           Hex            #.......     17%         3    ###....
 Blade Hands              Tmut           ###.......   32%         5    ######.


Dungeon Overview and Level Annotations

Branches:
Dungeon (8/15)             Temple (0/1) D:4
   Lair: D:8-11

Shops:
D:4 [   D:7 (((

Annotations:
D:5 Sigmund


Innate Abilities, Weirdness & Mutations

You have an increased reservoir of magic. (+10% MP)


Message History

The crimson imp struggles to escape constriction.
Your ball python bites the crimson imp.
Your ball python constricts the crimson imp.
The crimson imp escapes!
Okay, then.
The crimson imp shouts, "Back with thee, thou unhinged two-tin-hat coxcomb!"
The crimson imp blinks!
The crimson imp blinks!
Your transformation is almost over.
Your ball python withers and dies!
You are feeling very hungry.
Your transformation has ended.
Your +0 cloak of magic resistance unmelds from your body.
Your +1 robe unmelds from your body.
You feel resistant to hostile enchantments.
You open the door.
The crimson imp blinks!
The two-headed ogre hits you with a +0 giant club!!
Ouch! That really hurt!
You die...

#......#........# #.......#.
#.≈≈...#.......# #..._.....
#..≈...........####......##.
######......#..................#.
#................5..###.#.##...#.
#.####......#.......# #.#.####.#.
#.# ##'#####...§...# #.#........
#.# #.# #.......###.######### #.#
#.# ####@#...##.........÷ #.# #.#
#O###.############ #.# #.# #.#
#.# #.....#... #.# #.# #.###.#
#.##.##.## ..# #.# #.....#
#.#<.##.# ### #.# #######
#.#..##.# #.#..##.# #.#..##.#
#.#...#.#


You could see a two-headed ogre and a crimson imp.

Vanquished Creatures
  Pikel (D:6)
  Edmund (D:5)
  An orc warrior (D:7)
  A phantom (D:4)
  An ice beast (D:5)
  3 slaves (D:6)
  A necrophage (D:4)
  6 ogres
  2 big kobolds
  4 bullfrogs
  A scorpion (D:4)
  A howler monkey (D:5)
  5 crimson imps
  2 bullfrog zombies (D:5)
  A centaur zombie (D:6)
  A bullfrog skeleton (D:5)
  2 centaur skeletons
  3 hounds
  An orc priest (D:3)
  Crazy Yiuf (D:7)
  Ijyb (D:3)
  4 iguanas
  4 orc wizards
  6 worker ants
  3 howler monkey zombies
  8 gnolls
  7 adders
  An ooze (D:1)
  An adder zombie (D:6)
  2 worms
  A dart slug (D:1)
  2 leopard geckos (D:5)
  23 orcs
  3 bats
  4 giant cockroaches
  11 hobgoblins
  2 jackals (D:1)
  4 quokkas
  4 ball pythons
  7 frilled lizards
  6 goblins
  13 kobolds
  4 rats
160 creatures vanquished.

Notes
Turn   | Place    | Note
-------+----------+-------------------------------------------
     0 | D:1      | Aelig the Demigod Transmuter began the quest for the Orb.
     0 | D:1      | Reached XP level 1. HP: 15/15 MP: 5/5
   192 | D:1      | Reached XP level 2. HP: 22/22 MP: 5/7
  1313 | D:2      | Found a faded altar of an unknown god.
  1321 | D:2      | Reached XP level 3. HP: 24/27 MP: 6/8
  1326 | D:2      | Learned a level 3 spell: Spider Form
  1695 | D:3      | Reached skill level 1 in Poison Magic
  1996 | D:2      | HP: 1/27 [poisoned by an adder]
  2609 | D:3      | Reached XP level 4. HP: 14/34 MP: 5/9
  3425 | D:3      | Found a roughly hewn altar of Beogh.
  3466 | D:3      | Reached skill level 3 in Unarmed Combat
  3468 | D:3      | Reached XP level 5. HP: 32/39 MP: 7/10
  3570 | D:3      | Noticed Ijyb
  3574 | D:3      | Paralysed by Ijyb for 7 turns
  3587 | D:3      | Killed Ijyb
  4178 | D:4      | Reached skill level 4 in Unarmed Combat
  4422 | D:4      | Noticed a phantom
  4770 | D:4      | Killed a phantom
  4770 | D:4      | Reached XP level 6. HP: 45/46 MP: 5/11
  4813 | D:4      | Reached skill level 5 in Unarmed Combat
  4832 | D:4      | Found Cualall's Armour Emporium.
  5003 | D:4      | Reached skill level 6 in Unarmed Combat
  5051 | D:4      | Reached XP level 7. HP: 30/51 MP: 8/12
  5319 | D:4      | Found a burning altar of Makhleb.
  5392 | D:4      | Reached skill level 7 in Unarmed Combat
  5439 | D:4      | Found a staircase to the Ecumenical Temple.
  5736 | D:5      | Entered Level 5 of the Dungeon
  6051 | D:5      | Noticed Sigmund
  6071 | D:4      | Reached skill level 8 in Unarmed Combat
  6182 | D:5      | Reached XP level 8. HP: 53/58 MP: 13/13
  6249 | D:5      | Noticed Edmund
  6279 | D:5      | Killed Edmund
  6608 | D:5      | Reached skill level 9 in Unarmed Combat
  7281 | D:6      | Found an iron altar of Okawaru.
  7286 | D:6      | Learned a level 2 spell: Sticks to Snakes
  7293 | D:6      | Learned a level 4 spell: Ice Form
  7671 | D:6      | Reached skill level 1 in Ice Magic
  7680 | D:6      | Reached skill level 10 in Unarmed Combat
  7955 | D:7      | Noticed Pikel
  7965 | D:7      | Found Cahuhint's Antique Weapon Boutique.
  8328 | D:6      | Killed Pikel
  8328 | D:6      | Reached XP level 9. HP: 10/63 MP: 8/14
  8617 | D:7      | Found Very's Antique Weapon Emporium.
  8681 | D:7      | Noticed a gargoyle
  8994 | D:7      | Found a runed translucent door.
  8995 | D:7      | Noticed Crazy Yiuf
  9001 | D:7      | Killed Crazy Yiuf
  9109 | D:7      | Found Jose Leu's Antique Weapon Shop.
  9370 | D:8      | Noticed a two-headed ogre
  9597 | D:8      | Found a sparkling altar of Nemelex Xobeh.
  9926 | D:8      | Reached skill level 11 in Unarmed Combat
 10167 | D:8      | Mangled by a two-headed ogre

Levels and vault maps discovered:
D:1:      sevenhm_arrival_forest_fort_small_3, layout_basic,
          chequers_serial_rivers_large_a
D:2:      layout_basic, chequers_ecumenical_altar_simple, first_ration,
          minmay_goblin_kobold_house
D:3:      layout_rooms, kennysheep_orc_chapel, uniq_ijyb
D:4:      cheibrodos_thug_alley, layout_basic, marbit_many_paths, temple_green,
          serial_shops, shop
D:5:      layout_layer_cave, uniq_sigmund, uniq_edmund
D:6:      layout_basic, okawaru_ov_weapons_minmay
D:7:      layout_cave_pools, serial_shops, shop, nicolae_shop_crystal,
          nicolae_shop_waterfront, uniq_crazy_yiuf_cottage, uniq_pikel
D:8:      layout_basic, basic_altar

Skill      XL: |  1  2  3  4  5  6  7  8  9 |
---------------+----------------------------+-----
Transmutations | 2 3 4 |  4.0
Poison Magic   | 1 2 |  2.1
Unarmed Combat | 3 4 6 8 10 11 | 11.2
Ice Magic      | 2 3 |  3.0
Fighting       | |  0.8
Dodging        | |  1.7
Spellcasting   | |  1.7

Action                   |  1- 3 |  4- 6 |  7- 9 || total
-------------------------+-------+-------+-------++-------
Melee: Unarmed           |    93 |   154 |   295 ||   542
       Kick              |    13 |     1 |     2 ||    16
       Headbutt          |     5 |     3 |     4 ||    12
       Punch             |       |       |     2 ||     2
 Cast: Beastly Appendage |    20 |     7 |    12 ||    39
       Spider Form       |     8 |    20 |    35 ||    63
       Sticks to Snakes  |       |       |     9 ||     9
 Abil: End Transformatio |     1 |     1 |     1 ||     3
  Use: Potion            |       |     2 |     4 ||     6
       Scroll            |       |     1 |     6 ||     7
 Stab: Sleeping          |     4 |     2 |     4 ||    10
  Eat: Chunk             |     3 |     7 |    10 ||    20
       Ration            |     1 |     1 |     3 ||     5
Armor: Robe              |     8 |     1 |     4 ||    13
       Skin              |       |     5 |    11 ||    16
Dodge: Dodged            |    66 |   100 |   228 ||   394
